 Dungeon Crawl Stone Soup version 0.22.0-38-g04b72b8 (webtiles) character file.

9132 dvd the Frost Mage (level 11, 0/85 HPs)
             Began as a Ghoul Ice Elementalist on Aug 29, 2018.
             Was a Believer of Makhleb.
             Slain by a komodo dragon (16 damage)
             ... on level 1 of the Lair of Beasts.
             The game lasted 00:59:50 (12450 turns).

dvd the Frost Mage (Ghoul Ice Elementalist)        Turns: 12450, Time: 00:59:51

Health: 0/85       AC: 13    Str: 10 (13) XL:     11   Next: 41%
Magic:  0/21       EV: 15    Int: 17 (18) God:    Makhleb [**....]
Gold:   53         SH:  8    Dex:  7      Spells: 8/25 levels left

rFire    + + .     SeeInvis .   a - +2 falchion (distort)
rCold    + . .     Gourm    .   q - +1 shield {AC+3}
rNeg     + + +     Faith    .   N - +2 robe {MR+}
rPois    ∞         Spirit   .   (no helmet)
rElec    .         Reflect  .   (no cloak)
rCorr    .         Harm     .   F - +2 pair of gloves
MR       +....                  s - +2 pair of boots of the Rose {rF++ Int+3 Dex-2}
Stlth    +++.......             (no amulet)
HPRegen  0.00/turn              x - +2 ring of intelligence
MPRegen  0.17/turn              w - +4 ring of evasion

@: very slightly contaminated, rotting
A: rotting body, claws 1, carnivore, cold resistance 1, negative energy
resistance 3, inhibited regeneration, torment resistance, unbreathing
a: Minor Destruction, Renounce Religion


You were on level 1 of the Lair of Beasts.
You worshipped Makhleb.
Makhleb was pleased with you.
You were not hungry.

You visited 3 branches of the dungeon, and saw 13 of its levels.

You collected 587 gold pieces.
You spent 534 gold pieces at shops.

Inventory:

Hand Weapons
 a - a +2 falchion of distortion (weapon)
 h - a +0 long sword of protection
 p - a +2 dagger of draining
 H - a +0 dagger of venom
Missiles
 t - 447 stones (quivered)
Armour
 q - a +1 shield of protection (worn)
 s - the +2 pair of boots of the Rose (worn) {rF++ Int+3 Dex-2}
   (You bought it in a shop on level 9 of the Dungeon)

   It affects your intelligence (+3).
   It affects your dexterity (-2).
   It greatly protects you from fire.
 v - a +2 buckler
 B - +0 steam dragon scales
 E - a +3 chain mail
 F - a +2 pair of gloves (worn)
 N - a +2 robe of magic resistance (worn)
Jewellery
 n - an uncursed ring of see invisible
 u - a +2 ring of evasion
 w - a +4 ring of evasion (right hand)
 x - a +2 ring of intelligence (left hand)
 A - an uncursed ring of fire
Wands
 o - a wand of digging (16)
 r - a wand of acid (4)
 y - a wand of paralysis (11)
 G - a wand of flame (64)
 L - a wand of random effects (14)
Scrolls
 b - 9 scrolls of teleportation
 e - a scroll of amnesia
 i - 9 scrolls of identify
 m - 4 scrolls of remove curse
 z - a scroll of blinking
Potions
 d - a potion of magic
 f - 3 potions of flight
 g - 5 potions of curing
 j - a potion of haste
 l - 3 potions of heal wounds
 J - a potion of resistance
 K - a potion of ambrosia
Comestibles
 c - 25 rations
 k - 8 chunks of flesh


   Skills:
 + Level 4.5 Fighting
 + Level 3.0(4.6) Short Blades
 + Level 5.5(5.9) Long Blades
   Level 0.2(0.5) Axes
   Level 0.6(0.7) Maces & Flails
 + Level 5.1 Dodging
 + Level 5.3 Stealth
 + Level 3.5 Shields
 + Level 7.7 Spellcasting
 + Level 2.6 Conjurations
 + Level 2.6 Charms
 + Level 9.1 Ice Magic
 + Level 1.8 Earth Magic
 + Level 2.6 Invocations
 + Level 0.2 Evocations


You had 8 spell levels left.
You knew the following spells:

 Your Spells              Type           Power        Failure   Level  Hunger
a - Freeze                Ice            ####         1%          1    None
b - Throw Frost           Conj/Ice       ####..       6%          2    None
c - Ozocubu's Armour      Chrm/Ice       ####....     12%         3    #......
d - Summon Ice Beast      Ice/Summ       ###.....     56%         4    ###....
e - Throw Icicle          Conj/Ice       ####....     38%         4    ###....
f - Sandblast             Erth           ##....       22%         1    None
g - Blink                 Tloc           N/A          56%         2    None

Your spell library contained the following spells:

 Spells                   Type           Power        Failure   Level  Hunger
 Magic Dart               Conj           ###.         16%         1    None
 Flame Tongue             Conj/Fire      ##...        26%         1    None
 Sting                    Conj/Pois      ##..         26%         1    None
 Throw Flame              Conj/Fire      ##....       38%         2    None
 Animate Skeleton         Necr           N/A          43%         1    None
 Apportation              Tloc           #.....       43%         1    None
 Confusing Touch          Hex            #.....       43%         1    None
 Summon Small Mammal      Summ           #...         43%         1    None
 Passwall                 Tmut/Erth      #.......     43%         2    None
 Stone Arrow              Conj/Erth      ##....       50%         3    #......
 Call Imp                 Summ           #.......     56%         2    None
 Poisonous Vapours        Pois/Air       #.....       56%         2    None
 Slow                     Hex            #.......     56%         2    None
 Conjure Flame            Conj/Fire      ##......     63%         3    #......
 Mephitic Cloud           Conj/Pois/Air  #.......     67%         3    #......
 Inner Flame              Hex/Fire       #.......     80%         3    #......
 Sticky Flame             Conj/Fire      ##......     95%         4    ###....
 Leda's Liquefaction      Hex/Erth       #.........   97%         4    ###....
 Petrify                  Tmut/Erth      #.......     97%         4    ###....
 Olgreb's Toxic Radiance  Pois           #.......     99%         4    ###....
 Lee's Rapid Deconstruct  Erth           ##........   99%         5    #####..
 Bolt of Magma            Conj/Fire/Erth ##........   100%        5    #####..
 Fireball                 Conj/Fire      ##........   100%        5    #####..
 Venom Bolt               Conj/Pois      ##........   100%        5    #####..
 Iron Shot                Conj/Erth      ##........   100%        6    ######.
 Shatter                  Erth           ##........   100%        9    #######
 Statue Form              Tmut/Erth      Unusable     N/A         6    N/A

Dungeon Overview and Level Annotations

Branches:
Dungeon (11/15)            Temple (1/1) D:4            Lair (1/6) D:9
    Orc (0/2) D:11

Altars:
Ashenzari
Cheibriados
Dithmenos
Elyvilon
Fedhas
Gozag
Hepliaklqana
Kikubaaqudgha
Makhleb
Nemelex Xobeh
Okawaru
Qazlal
Ru
Sif Muna
Trog
Uskayaw
Vehumet
Wu Jian
Xom
Yredelemnul
Zin
The Shining One

Shops:
D:8 *   D:9 [

Annotations:
D:7 Thaneod's ghost, novice GrEE
D:11 Fannar; Josephine


Innate Abilities, Weirdness & Mutations

Your body is rotting away.
You thrive on raw meat.
You are immune to poison.
You have sharp fingernails.
You are carnivorous and can eat meat at any time.
Your flesh is cold resistant. (rC+)
You are immune to negative energy. (rN+++)
You do not regenerate when monsters are visible.
You are immune to unholy pain and torment.
You can survive without breathing.


Message History

Aiming: Freeze (safe; 1% risk of failure)
Press: ? - help, Shift-Dir - straight line, f/p - komodo dragon
Aim: a komodo dragon (moderately wounded)
You freeze the komodo dragon.
The komodo dragon is heavily wounded.
The bullfrog gives a loud, deep croak!
The komodo dragon bites you!!
Casting: Freeze (safe; 1% risk of failure)
Confirm with . or Enter, or press ? or * to list all spells.
Aiming: Freeze (safe; 1% risk of failure)
Press: ? - help, Shift-Dir - straight line, f/p - komodo dragon
Aim: a komodo dragon (heavily wounded)
You freeze the komodo dragon.
The komodo dragon is severely wounded.
The komodo dragon bites you!!
* * * LOW HITPOINT WARNING * * *
You block the bullfrog's attack.
Unknown command.
You block the bullfrog's attack. The komodo dragon bites you!
You die...

..$...####......##
................###
.......÷........#.#######.
.##P......................
##.....÷######+..#...$..
#......#...............
#......#.........#.....
........#....Fl...# ....
####.....#..##@####......
#....................
#....................
#.......#########.... ...
.... .. .


You could see a komodo dragon and a bullfrog.

Vanquished Creatures
  A kobold demonologist (D:7)
  2 trolls (D:10)
  A hornet (D:10)
  3 blink frogs (Lair:1)
  A human (D:8)
  3 yaks
  3 hogs (D:8)
  A steam dragon (D:11)
  2 hungry ghosts
  A water moccasin (D:6)
  A sky beast (D:9)
  Duvessa (D:7)
  A swamp drake (D:9)
  4 orc warriors
  An ice beast (D:9)
  A black bear (D:11)
  2 ogres
  2 crocodiles (D:9)
  8 centaurs
  10 big kobolds
  A wyvern zombie (D:8)
  5 bullfrogs
  Dowan (D:7)
  A wyvern skeleton (D:11)
  A scorpion (D:4)
  9 killer bees
  2 howler monkeys
  4 crimson imps
  A bullfrog zombie (D:6)
  3 hounds
  A jelly (D:7)
  5 orc priests
  2 iguanas
  5 orc wizards
  Jessica (D:7)
  5 worker ants
  A killer bee zombie (D:6)
  A hound zombie (D:5)
  3 worker ant zombies
  18 adders
  A shadow imp (D:7)
  3 oozes (D:1)
  2 worms
  2 dart slugs (D:1)
  4 leopard geckos
  19 orcs
  A ball python (D:3)
  3 bats (D:2)
  6 giant cockroaches
  9 goblins
  8 hobgoblins
  22 kobolds
  4 quokkas
  5 frilled lizards
  A quokka zombie (D:7)
  4 rats
  A rat zombie (D:7)
214 creatures vanquished.

Vanquished Creatures (others)
  The ghost of Lew the Shield-Bearer, a novice GnFi of Okawaru (D:6)
  A komodo dragon (D:9)
  3 yaks (D:9)
  A hungry ghost (D:11)
  4 wraiths (D:11)
  An orc warrior (D:11)
  A necrophage (D:11)
  A centaur (D:11)
  3 big kobolds
  A bullfrog (D:6)
  A centaur zombie (D:8)
  2 orc wizards
  A worker ant (D:10)
  A hound zombie (D:8)
22 creatures vanquished.

Grand Total: 236 creatures vanquished

Notes
Turn   | Place    | Note
-------+----------+-------------------------------------------
     0 | D:1      | dvd the Ghoul Ice Elementalist began the quest for the Orb.
     0 | D:1      | Reached XP level 1. HP: 14/14 MP: 2/2
   101 | D:1      | Reached XP level 2. HP: 12/20 MP: 2/4
   171 | D:1      | Learned a level 2 spell: Throw Frost
   326 | D:1      | Reached XP level 3. HP: 24/26 MP: 0/5
   331 | D:1      | Learned a level 3 spell: Ozocubu's Armour
   633 | D:1      | Reached skill level 1 in Conjurations
   906 | D:2      | Reached XP level 4. HP: 29/33 MP: 2/6
   924 | D:2      | Reached skill level 4 in Ice Magic
  2132 | D:2      | Reached XP level 5. HP: 19/38 MP: 0/8
  2397 | D:3      | Found a shimmering altar of Xom.
  2690 | D:3      | Reached skill level 1 in Fighting
  2937 | D:4      | Reached XP level 6. HP: 38/48 MP: 3/10
  2945 | D:4      | Found a staircase to the Ecumenical Temple.
  2980 | Temple   | Entered the Ecumenical Temple
  3114 | Temple   | Became a worshipper of Makhleb the Destroyer
  3208 | D:4      | Reached skill level 1 in Charms
  3624 | D:4      | Found a white marble altar of Elyvilon.
  3817 | D:4      | Reached XP level 7. HP: 52/55 MP: 3/12
  3926 | D:5      | Entered Level 5 of the Dungeon
  4043 | D:5      | Reached skill level 5 in Ice Magic
  4260 | D:4      | You fall through a shaft for 2 floors!
  4548 | D:6      | Reached skill level 1 in Short Blades
  4930 | D:6      | Reached XP level 8. HP: 47/61 MP: 8/14
  4980 | D:6      | Found a runed door.
  4985 | D:6      | Noticed Lew's ghost (novice GnFi)
  5016 | D:6      | Reached * piety under Makhleb
  5067 | D:6      | Reached skill level 1 in Long Blades
  5582 | D:5      | Learned a level 4 spell: Summon Ice Beast
  5625 | D:5      | Learned a level 4 spell: Throw Icicle
  5652 | D:5      | Reached skill level 5 in Spellcasting
  5652 | D:5      | Reached skill level 6 in Ice Magic
  5949 | D:5      | Found a hazy altar of Hepliaklqana.
  5950 | D:5      | Found a deep blue altar of Sif Muna.
  6253 | D:7      | Found a sand-covered staircase.
  6305 | D:7      | Noticed Jessica
  6308 | D:7      | Killed Jessica
  6314 | D:7      | Found a deep blue altar of Sif Muna.
  6450 | D:7      | Noticed Dowan
  6451 | D:7      | Found a runed gate.
  6452 | D:7      | Noticed a kobold demonologist
  6452 | D:7      | Noticed Thaneod's ghost (novice GrEE)
  6458 | D:7      | Found a runed gate.
  6458 | D:7      | Found a runed gate.
  6459 | D:7      | Noticed Duvessa
  6475 | D:7      | Killed Duvessa
  6475 | D:7      | Reached XP level 9. HP: 68/68 MP: 8/16
  6947 | D:7      | Killed Dowan
  7414 | D:6      | Banished Lew's ghost
  7414 | D:6      | Reached skill level 5 in Stealth
  7414 | D:6      | Reached skill level 7 in Ice Magic
  7473 | D:8      | Found a shattered altar of Ashenzari.
  7497 | D:8      | Found a hide-covered altar of Uskayaw.
  7632 | D:8      | Found Hopemp's General Store.
  7715 | D:8      | Reached ** piety under Makhleb
  7939 | D:8      | Reached skill level 1 in Shields
  7939 | D:8      | Reached XP level 10. HP: 25/77 MP: 18/18
  8319 | D:9      | Found Higutow's Armour Emporium.
  8612 | D:9      | Found a staircase to the Lair.
  8719 | D:9      | Reached skill level 1 in Invocations
  8857 | D:10     | Entered Level 10 of the Dungeon
  9007 | D:9      | Reached skill level 5 in Long Blades
  9073 | D:10     | Found a bloodstained altar of Trog.
  9142 | D:9      | Bought the +2 pair of boots of the Rose {rF++ Int+3 Dex-2} for 534 gold pieces
  9275 | D:7      | Noticed a sixfirhy
  9284 | D:7      | Killed a kobold demonologist
  9537 | D:7      | Reached skill level 8 in Ice Magic
 10100 | D:10     | Learned a level 1 spell: Sandblast
 10496 | D:7      | Reached XP level 11. HP: 83/84 MP: 10/20
 11292 | D:11     | Noticed Josephine
 11300 | D:11     | Reached skill level 9 in Ice Magic
 11389 | D:11     | Reached skill level 5 in Dodging
 11480 | D:11     | Noticed Fannar
 11798 | D:11     | Reached skill level 1 in Earth Magic
 11818 | D:11     | Learned a level 2 spell: Blink
 11832 | D:11     | Found a staircase to the Orcish Mines.
 12344 | Lair:1   | Entered Level 1 of the Lair of Beasts
 12450 | Lair:1   | Slain by a komodo dragon

Skill      XL: |  1  2  3  4  5  6  7  8  9 10 11 |
---------------+----------------------------------+-----
Spellcasting   | 2 3 4 5 6 7 |  7.7
Conjurations   | 1 2 |  2.6
Ice Magic      | 4 5 6 7 8 9 |  9.1
Dodging        | 2 3 4 5 |  5.1
Fighting       | 1 2 3 4 |  4.5
Stealth        | 3 4 5 |  5.3
Charms         | 1 2 |  2.6
Short Blades   | 1 3 |  3.0
Long Blades    | 2 4 5 |  5.5
Shields        | 1 3 |  3.5
Invocations    | 2 |  2.6
Earth Magic    | 1 |  1.8
Axes           | |  0.2
Maces & Flails | |  0.6
Evocations     | |  0.2

Action                   |  1- 3 |  4- 6 |  7- 9 | 10-12 || total
-------------------------+-------+-------+-------+-------++-------
Melee: Unarmed           |    15 |       |       |       ||    15
       Club              |    54 |       |       |       ||    54
       Mace              |     1 |     1 |       |       ||     2
       Hand axe          |       |    23 |       |       ||    23
       Dagger            |       |    56 |    25 |       ||    81
       Falchion          |       |       |   204 |   308 ||   512
 Cast: Freeze            |    39 |    75 |    55 |    55 ||   224
       Throw Frost       |     2 |    19 |    50 |    59 ||   130
       Ozocubu's Armour  |       |     5 |    15 |    29 ||    49
       Throw Icicle      |       |       |     1 |     3 ||     4
       Sandblast         |       |       |       |    18 ||    18
Invok: Minor Destruction |       |       |       |    36 ||    36
Evoke: Wand              |       |       |     4 |    10 ||    14
  Use: Scroll            |       |       |    12 |     3 ||    15
       Potion            |       |       |       |    13 ||    13
 Stab: Sleeping          |     2 |     5 |     9 |     2 ||    18
       Paralysed         |       |       |     5 |     2 ||     7
  Eat: Chunk             |    18 |    19 |    32 |    42 ||   111
Armor: Robe              |    13 |    13 |    59 |   113 ||   198
Dodge: Dodged            |    73 |    75 |   175 |   217 ||   540
Block: Shield            |       |       |    23 |   132 ||   155
       Rpst.: Falchion   |       |       |    44 |    51 ||    95
